 Dungeon Crawl Stone Soup version 0.26.1-11-gd32895ea62 (webtiles) character file.

Game seed: 16653050801455416408

277 Almogavar the Slinger (level 6, -2/42 HPs)
             Began as a Halfling Hunter on June 19, 2021.
             Slain by an orc
             ... wielding a +0 club
              (3 damage)
             ... on level 7 of the Dungeon.
             The game lasted 00:09:05 (3700 turns).

Almogavar the Slinger (Halfling Hunter)             Turns: 3700, Time: 00:09:06

Health: -2/42      AC:  3    Str: 13    XL:     6   Next: 51%
Magic:  6/6        EV: 15    Int:  9    God:
Gold:   221        SH:  0    Dex: 17    Spells: 5/5 levels left

rFire    . . .     SeeInvis .   a - +1 hunting sling
rCold    . . .     Faith    .   (shield restricted)
rNeg     . . .     Spirit   .   c - +0 leather armour
rPois    .         Reflect  .   (no helmet)
rElec    .         Harm     .   (no cloak)
rCorr    .         Rampage  .   (no gloves)
Will     .....                  (no boots)
Stlth    ++........             (no amulet)
HPRegen  0.14/turn              m - ring of flight
MPRegen  0.10/turn              (no ring)

@: no status effects
A: small, mutation resistance 1
a: Evoke Flight


You were on level 7 of the Dungeon.
You visited 1 branch of the dungeon, and saw 5 of its levels.

You collected 221 gold pieces.

Inventory:

Hand Weapons
 a - a +1 hunting sling (weapon)
 w - a +4 vampiric dagger
Missiles
 d - 81 sling bullets (quivered ammo)
 i - 79 stones
Armour
 c - a +0 leather armour (worn)
 e - a +0 ring mail
 s - a +0 buckler
Jewellery
 m - a ring of flight (left hand)
Wands
 r - a wand of paralysis (7)
Scrolls
 b - a scroll of enchant armour
 g - 4 scrolls of remove curse
 h - 2 scrolls of blinking
 l - a scroll of noise {unknown}
 o - 5 scrolls of teleportation
 p - a scroll of enchant weapon {unknown}
Potions
 f - a potion of might {unknown}
 j - 3 potions of curing
 k - 2 potions of degeneration {unknown}
 n - a potion of attraction {unknown}
 q - a potion of brilliance {unknown}
 t - a potion of invisibility {unknown}
 u - a potion of flight {unknown}
 v - a potion of mutation {unknown}
 x - a potion of heal wounds {unknown}


   Skills:
 + Level 3.4 Fighting
 + Level 0.7 Short Blades
 + Level 8.7 Slings
 + Level 1.5 Armour
 + Level 2.4 Dodging
 + Level 1.2 Stealth


You had 5 spell levels left.
You didn't know any spells.
Your spell library was empty.

Dungeon Overview and Level Annotations

Branches:
Dungeon (4/15)
 Temple: D:4-7

Altars:
Gozag


Innate Abilities, Weirdness & Mutations

You are small and have problems with some larger weapons.
You are somewhat resistant to further mutation.


Message History

Press: ? - help, Q - select action, (/) - cycle Shift-Dir - straight line, f/p - orc warrior
Aim: an orc warrior, wielding a +0 dire flail and wearing a +0 chain mail (heavily wounded, 63% to hit)
You shoot a sling bullet. The sling bullet hits the orc warrior.
The orc warrior is severely wounded.
The orc closely misses you.
Fire: 83 sling bullets
Press: ? - help, Q - select action, (/) - cycle Shift-Dir - straight line, f/p - orc warrior
Aim: an orc warrior, wielding a +0 dire flail and wearing a +0 chain mail (severely wounded, 63% to hit)
You shoot a sling bullet. The sling bullet hits the orc warrior.
The orc warrior is almost dead.
The orc warrior hits you with a +0 dire flail!
* * * LOW HITPOINT WARNING * * *
Fire: 82 sling bullets
Press: ? - help, Q - select action, (/) - cycle Shift-Dir - straight line, f/p - orc warrior
Aim: an orc warrior, wielding a +0 dire flail and wearing a +0 chain mail (almost dead, 63% to hit)
You shoot a sling bullet.
The sling bullet hits the orc warrior but does no damage.
The orc warrior is almost dead.
The orc hits you with a +0 club.
You die...

########
.......##
#...#
#...#
##...#
#.^.##
##...#
##...##
#.o@##
#..o##
#...
#..(#
#()( #...
##(# (.


You could see an orc warrior and an orc.

Vanquished Creatures
  An orc priest (D:7)
  Terence (D:3)
  Natasha (D:4)
  A worker ant (D:4)
  8 adders
  2 oozes
  A worm (D:2)
  3 dart slugs
  2 leopard geckos
  9 orcs
  A ball python (D:2)
  8 giant cockroaches
  11 goblins
  8 hobgoblins
  5 kobolds
  A quokka (D:3)
  5 frilled lizards
  8 rats
76 creatures vanquished.

Notes
Turn   | Place    | Note
-------+----------+-------------------------------------------
     0 | D:1      | Almogavar the Halfling Hunter began the quest for the Orb.
     0 | D:1      | Reached XP level 1. HP: 14/14 MP: 1/1
    91 | D:1      | Reached skill level 6 in Slings
   217 | D:1      | Reached XP level 2. HP: 19/19 MP: 2/2
  1119 | D:1      | Reached XP level 3. HP: 24/24 MP: 3/3
  1480 | D:2      | Reached skill level 7 in Slings
  1480 | D:2      | Reached XP level 4. HP: 28/30 MP: 4/4
  2003 | D:3      | Found an opulent altar of Gozag.
  2169 | D:3      | Noticed Terence
  2182 | D:3      | Killed Terence
  2183 | D:3      | Reached skill level 1 in Armour
  2183 | D:3      | Reached XP level 5. HP: 27/35 MP: 5/5
  2197 | D:3      | Reached skill level 8 in Slings
  3164 | D:3      | Reached XP level 6. HP: 41/41 MP: 6/6
  3519 | D:4      | Noticed Natasha
  3530 | D:4      | Killed Natasha
  3672 | D:4      | You fall into a shaft and drop 3 floors!
  3681 | D:7      | Noticed an orc warrior
  3699 | D:7      | HP: 1/42 [orc warrior/+0 dire flail (15)]
  3700 | D:7      | Slain by an orc

Illustrated notes

Levels and vault maps discovered:
D:1:      nicolae_arrival_somewhat_less_tricky_arrival, layout_basic,
          hangedman_abyss_or_decor_lesser_grid
D:2:      layout_basic
D:3:      layout_rooms, nicolae_gozag_seed_capital, uniq_terence
D:4:      layout_gridville, gammafunk_ghost_nasty_kobolds, uniq_natasha
D:7:      layout_rooms, grunt_temple_overflow_holy_war,
          chequers_temple_overflow_statue_of_worship, serial_curves,
          eino_curves_02, eino_curves_02, uniq_prince_ribbit1

Skill      XL: |  1  2  3  4  5  6 |
---------------+-------------------+-----
Slings         | 6 7 8 |  8.7
Fighting       | 2 3 |  3.4
Armour         | 1 |  1.5
Short Blades   | |  0.7
Dodging        | |  2.4
Stealth        | |  1.2

Action                   |  1- 3 |  4- 6 || total
-------------------------+-------+-------++-------
Melee: Short sword       |       |    17 ||    17
 Fire: Hunting sling     |    83 |   222 ||   305
  Use: Scroll            |     1 |     5 ||     6
Armor: Leather armour    |     3 |    14 ||    17
Dodge: Dodged            |    10 |    48 ||    58
